 Dungeon Crawl Stone Soup version 0.30-a0-986-g7f2e898f52 (webtiles) character file.

Game seed: 12777910741491723181

5061 Sobieck the Skirmisher (level 10, -2/79 HPs)
             Began as a Mummy Hunter on Apr 1, 2023.
             Was a Believer of Qazlal.
             Slain by a two-headed ogre
             ... wielding a +0 giant spiked club
              (15 damage)
             ... on level 9 of the Dungeon.
             The game lasted 00:16:59 (8466 turns).

Sobieck the Skirmisher (Mummy Hunter)               Turns: 8466, Time: 00:17:00

Health: -2/79      AC:  7    Str: 15    XL:     10   Next: 31%
Magic:  13/13      EV: 15    Int:  8    God:    Qazlal [**....]
Gold:   450        SH:  3    Dex: 20    Spells: 9/9 levels left

rFire   . . .      SeeInvis .    a - +1 shortbow (heavy) {bow}
rCold   + . .      Faith    +    (shield currently unavailable)
rNeg    + + +      Spirit   .    p - +3 leather armour {rF+}
rPois   ∞          Reflect  .    (no helmet)
rElec   .          Rampage  .    X - +0 cloak
rCorr   .                        (no gloves)
Will    +....                    (no boots)
Stlth   +                        (no amulet)
HPRegen 0.33/turn                (no ring)
MPRegen 0.13/turn                (no ring)

@: no status effects
A: cold resistance 1, negative energy resistance 3, torment resistance 2, heat
vulnerability 1, in touch with death 1, no potions, faith
a: Renounce Religion, Upheaval


You were on level 9 of the Dungeon.
You worshipped Qazlal.
Qazlal was pleased with you.
You visited 2 branches of the dungeon, and saw 10 of its levels.

You collected 569 gold pieces.
You spent 119 gold pieces at shops.


Innate Abilities, Weirdness & Mutations

You are immune to poison.
Your flesh is cold resistant. (rC+)
You are immune to negative energy. (rN+++)
You are immune to unholy pain and torment.
You are vulnerable to heat. (rF-)
You are in touch with the powers of death.
You do not drink.
You have a special connection with the divine. (Faith)


   Skills:
 - Level 7.0 Fighting
 * Level 9.4 Ranged Weapons
 - Level 6.0 Dodging
 - Level 0.7 Stealth
 + Level 5.1 Invocations


You had 9 spell levels left.
You didn't know any spells.
Your spell library contained the following spells:

 Spells                   Type           Power      Damage    Failure   Level
 Apportation              Tloc           0%         N/A       47%         1
 Magic Dart               Conj           0%         1d3       47%         1
 Necrotise                Necr           0%         1d4       47%         1
 Sandblast                Erth           0%         2d4       47%         1
 Blink                    Tloc           0%         N/A       63%         2
 Lesser Beckoning         Tloc           0%         N/A       63%         2
 Momentum Strike          Conj/Tloc      0%         3d8       63%         2
 Passwall                 Tmut/Erth      0%         N/A       63%         2
 Searing Ray              Conj           0%         2d4       63%         2
 Stone Arrow              Conj/Erth      0%         3d7       85%         3
 Vampiric Draining        Necr           0%         2d6       85%         3
 Fulminant Prism          Conj/Hex       0%         3d5       99%         4
 Agony                    Necr           0%         N/A       100%        5
 Alistair's Intoxication  Tmut/Pois      0%         N/A       100%        5

Inventory:

Hand Weapons
 a - a +1 heavy shortbow (weapon) {bow}
 i - a +0 dagger of venom {short}
   (You took it off a goblin on level 2 of the Dungeon)
 k - a +0 short sword of speed {short}
   (You took it off a kobold on level 2 of the Dungeon)
 q - a +0 flail of protection {mace}
   (You took it off an orc on level 3 of the Dungeon)
 z - the +0 dagger "Tuczaosm" {pain, Contam Str+4 Int+9, short}
   (You found it on level 4 of the Dungeon)

   Str:       It affects your strength (+4).
   Int:       It affects your intelligence (+9).
   Contam:    It causes magical contamination when unequipped.
Missiles
 d - 77 stones {throwing}
 r - 2 boomerangs {throwing}
 u - 20 poisoned darts {throwing}
 C - 5 silver javelins {throwing}
 U - 2 curare-tipped darts {=fthrowing}
 W - a throwing net {=f!fthrowing}
Armour
 c - a +0 leather armour
 e - the +18 Lear's hauberk
   (You found it on level 8 of the Dungeon)
 l - a +0 ring mail
   (You found it on level 2 of the Dungeon)
 o - a +0 scale mail
   (You took it off an orc on level 3 of the Dungeon)
 p - a +3 leather armour of fire resistance (worn)
   (You found it on level 3 of the Dungeon)
 s - a +0 plate armour
   (You found it on level 3 of the Dungeon)
 t - a +0 leather armour
   (You took it off an orc on level 4 of the Dungeon)
 w - a +0 leather armour
   (You took it off an orc on level 4 of the Dungeon)
 x - a +0 robe
   (You took it off an orc wizard on level 4 of the Dungeon)
 y - a +0 robe
   (You took it off an orc wizard on level 4 of the Dungeon)
 A - a +0 leather armour
   (You found it on level 5 of the Dungeon)
 D - a +0 robe
   (You found it on level 5 of the Dungeon)
 E - a +0 ring mail
   (You took it off an orc on level 5 of the Dungeon)
 F - a +0 leather armour
   (You took it off an orc on level 5 of the Dungeon)
 G - a +0 robe
   (You found it on level 5 of the Dungeon)
 H - a +0 leather armour
   (You found it on level 5 of the Dungeon)
 I - a +0 robe
   (You took it off an orc wizard on level 5 of the Dungeon)
 K - a +0 ring mail
   (You took it off an orc priest on level 6 of the Dungeon)
 L - a +0 leather armour
   (You took it off an orc on level 6 of the Dungeon)
 M - a +0 robe
   (You took it off an orc wizard on level 6 of the Dungeon)
 N - a +0 leather armour
   (You took it off an orc on level 6 of the Dungeon)
 O - a +0 ring mail
   (You found it on level 6 of the Dungeon)
 P - a +0 ring mail
   (You took it off an orc priest on level 6 of the Dungeon)
 Q - a +0 leather armour
   (You took it off an orc on level 6 of the Dungeon)
 R - a +0 robe
   (You took it off an orc wizard on level 6 of the Dungeon)
 S - a +0 robe
   (You took it off an orc wizard on level 6 of the Dungeon)
 T - a +0 leather armour
   (You took it off an orc on level 6 of the Dungeon)
 V - a +0 ring mail
   (You found it on level 6 of the Dungeon)
 X - a +0 cloak (worn)
   (You found it on level 6 of the Dungeon)
 Z - a +0 leather armour
   (You took it off an orc on level 7 of the Dungeon)
Wands
 h - a wand of charming (6)
   (You took it off an orc warrior on level 8 of the Dungeon)
 m - a wand of iceblast (25)
   (You found it on level 4 of the Dungeon)
 n - a wand of polymorph (26)
   (You took it off Natasha on level 4 of the Dungeon)
 Y - a wand of flame (18)
   (You found it on level 6 of the Dungeon)
Scrolls
 b - 3 scrolls of immolation {!r!r}
 f - 2 scrolls of blinking {!r}
 g - a scroll of enchant weapon
 j - 2 scrolls of teleportation {@r4}
 v - 2 scrolls of noise {!r}
 B - a scroll of enchant armour
 J - a scroll of fear

Dungeon Overview and Level Annotations

Branches:
Dungeon (9/15) Zot: 26296  Temple (1/1) D:5 Zot: 5949     Orc (0/2) D:9
   Lair: D:8-11

Altars:
Ashenzari
Cheibriados
Dithmenos
Gozag
Hepliaklqana
Kikubaaqudgha
Okawaru
Qazlal
Ru
Sif Muna
Trog
Vehumet
Yredelemnul

Shops:
D:4 *

Annotations:
D:4 Blork the orc
D:7 3 runed translucent doors, cforsyth's ghost, novice FoFi

#...........
#...........
#..........~
#..........≈
#......O...o #'# #.#
#O# .. #@## ###'####
#..# #......#
#####.## #......#
#......# #......'
#......# #......#
#......# ###......#
#......#####.'......#
#............#......#
#......###########'##


You could see a two-headed ogre.


Message History

The yak gores you!
Fire: a) +1 shortbow (heavy) {bow}
Press: ? - help, Q - select action, (/) - cycle Shift-Dir - straight line, f/p - yak
Aim: a yak (severely wounded, 78% to hit)
You shoot an arrow. The arrow hits the yak!
The yak misses you. The yak gores you!
* * * LOW HITPOINT WARNING * * *
Fire: a) +1 shortbow (heavy) {bow}
Press: ? - help, Q - select action, (/) - cycle Shift-Dir - straight line, f/p - yak
Aim: a yak (almost dead, 78% to hit)
You shoot an arrow. The arrow closely misses the yak.
You block the yak's attack. The yak gores you.
* * * LOW HITPOINT WARNING * * *
Fire: a) +1 shortbow (heavy) {bow}
Press: ? - help, Q - select action, (/) - cycle Shift-Dir - straight line, f/p - yak
Aim: a yak (almost dead, 78% to hit)
You shoot an arrow. The arrow hits the yak!!
You kill the yak!
Qazlal accepts your kill.
Your Invocations skill increases to level 5!
Fire: a) +1 shortbow (heavy) {bow}
Press: ? - help, Q - select action, (/) - cycle Shift-Dir - straight line, f - yak
Aim: a yak (78% to hit)
You shoot an arrow.
The arrow hits the yak but does no damage.
The yak misses you. x2
Fire: a) +1 shortbow (heavy) {bow}
Press: ? - help, Q - select action, (/) - cycle Shift-Dir - straight line, f/p - yak
Aim: a yak (78% to hit)
You shoot an arrow. The arrow hits the yak!
The yak closely misses you.
Fire: a) +1 shortbow (heavy) {bow}
Press: ? - help, Q - select action, (/) - cycle Shift-Dir - straight line, f/p - yak
Aim: a yak (heavily wounded, 78% to hit)
You shoot an arrow. The arrow hits the yak!!
You kill the yak!
Qazlal accepts your kill.
Fire: a) +1 shortbow (heavy) {bow}
Press: ? - help, Q - select action, (/) - cycle Shift-Dir - straight line, f - you
Okay, then.
Unknown command.
You start resting.
Unknown command.
You see here a yak corpse.
There is an open door here.
You open the door.
There is an open door here.
You open the door.
There is an open door here.
You now have 450 gold pieces (gained 14).
Unknown command.
Unknown command.
As you open the door, it creaks loudly!
Unknown command.
There is an open door here.
Something unseen opens the door.
You sense a monster nearby.
Unknown command.
A wraith comes into view.
There is an open door here.
Danger!
You shoot an arrow. The arrow closely misses the wraith.
You shoot an arrow.
The arrow hits the wraith but does no damage.
You shoot an arrow. The arrow hits the wraith!!
You shoot an arrow. The arrow barely misses the wraith.
An orc comes into view. It is wielding a +0 war axe.
The wraith completely misses you.
The orc moves out of view.
You shoot an arrow. The arrow hits the wraith!
You destroy the wraith!
Qazlal accepts your kill.
Found a stone staircase leading up.
There is a stone staircase leading up here.
You open the door.
A two-headed ogre comes into view.
It is wielding a +0 giant spiked club and a +0 giant club.
The two-headed ogre shouts in stereo!
You hear a shout!
You hear a bark!
An orc comes into view. It is wielding a +0 hand axe.
There is an open door here.
Danger!
Danger!
There is a stone staircase leading up here.
You shoot an arrow. The arrow hits the two-headed ogre.
You shoot an arrow. The arrow hits the two-headed ogre!!
The two-headed ogre hits you with a +0 giant spiked club!!
The two-headed ogre hits you with a +0 giant club!
* * * LOW HITPOINT WARNING * * *
Unknown command.
Fire: a) +1 shortbow (heavy) {bow}
Press: ? - help, Q - select action, (/) - cycle Shift-Dir - straight line, f/p - two-headed ogre
Aim: a two-headed ogre, wielding a +0 giant spiked club and a +0 giant club (moderately wounded, 81% to hit)
You shoot an arrow. The arrow hits the two-headed ogre!!
The two-headed ogre misses you.
The two-headed ogre hits you with a +0 giant club!!
* * * LOW HITPOINT WARNING * * *
Fire: a) +1 shortbow (heavy) {bow}
Press: ? - help, Q - select action, (/) - cycle Shift-Dir - straight line, f/p - two-headed ogre
Aim: a two-headed ogre, wielding a +0 giant spiked club and a +0 giant club (almost dead, 81% to hit)
You shoot an arrow. The arrow hits the two-headed ogre.
The two-headed ogre hits you with a +0 giant spiked club!
You die...

Skill      XL: |  1  2  3  4  5  6  7  8  9 10 |
---------------+-------------------------------+-----
Dodging        | 2 3 4 5 6 |  6.0
Ranged Weapons | 4 5 6 7 8 9 |  9.4
Fighting       | 3 4 5 7 |  7.0
Invocations    | 2 4 5 |  5.1
Stealth        | |  0.7

Action                     |  1- 3 |  4- 6 |  7- 9 | 10-12 || total
---------------------------+-------+-------+-------+-------++-------
  Melee: Shortbow          |       |       |     1 |       ||     1
   Fire: Shortbow          |   115 |   202 |   246 |    50 ||   613
    Use: Scroll            |       |     6 |     5 |       ||    11
 Armour: Leather armour    |     9 |    43 |    85 |     4 ||   141
  Dodge: Dodged            |    18 |   111 |   170 |    20 ||   319
  Block: Other             |       |       |     9 |     8 ||    17

Levels and vault maps discovered:
D:1:      psy_arrival_conway, layout_basic, st_stairs_12
D:2:      layout_basic, dilly_ecumenical_altar_fadedgnrine
D:3:      layout_basic
D:4:      layout_gridville, mainiacjoe_overflow_paths,
          mainiacjoe_overflow_swirl, nicolae_stop_n_shop_1,
          dilly_guarded_unrand_morg
D:5:      layout_cave_pools, temple_pool_b, minmay_fractal_squares_5
D:6:      layout_rooms, mainiacjoe_overflow_six_doors_small,
          mainiacjoe_overflow_boulevard, uniq_blork_the_orc
D:7:      layout_loops_cross, gammafunk_ghost_split
D:8:      layout_gridville, mainiacjoe_overflow_brackets, tgw_sif,
          dk_noncrumbling_2, uniq_maurice
D:9:      layout_roguey [special_room_orc], erik_lair_island, orc_0_dummy,
          nicolae_titane, uniq_harold
Temple:   jpeg_temple_clearing

Notes
Turn   | Place    | Note
-------+----------+-------------------------------------------
     0 | D:1      | Sobieck the Mummy Hunter began the quest for the Orb.
     0 | D:1      | Reached XP level 1. HP: 16/16 MP: 1/1
   117 | D:1      | Reached XP level 2. HP: 21/22 MP: 2/2
   568 | D:1      | Reached skill level 2 in Dodging
   833 | D:2      | Gained mutation: You are in touch with the powers of death.
                  | [Mummy growth]
   833 | D:2      | Reached XP level 3. HP: 28/28 MP: 3/3
  1133 | D:2      | Reached skill level 4 in Ranged Weapons
  1196 | D:2      | Reached XP level 4. HP: 34/34 MP: 4/4
  1530 | D:2      | Found a faded altar of an unknown god.
  1896 | D:3      | You pick up a book of Geomancy and begin reading...
  1896 | D:3      | You add the spells Sandblast, Passwall and Stone Arrow to
                  | your library.
  2135 | D:3      | Reached skill level 3 in Fighting
  2215 | D:4      | Found Unteu's General Store.
  2229 | D:4      | Bought a scroll of blinking for 105 gold pieces
  2233 | D:4      | Bought a scroll of noise for 14 gold pieces
  2315 | D:4      | Reached XP level 5. HP: 36/41 MP: 5/5
  2469 | D:4      | Found a shadowy altar of Dithmenos.
  2507 | D:4      | Noticed Natasha
  2529 | D:4      | HP: 8/41 [Natasha (4)]
  2532 | D:4      | Killed Natasha
  2534 | D:4      | HP: 4/41 [scorpion zombie (1)]
  2539 | D:4      | HP: 6/41 [scorpion zombie (1)]
  2539 | D:4      | HP: 2/41 [scorpion zombie (4)]
  2542 | D:4      | Reached XP level 6. HP: 3/47 MP: 6/6
  2718 | D:4      | Reached skill level 3 in Dodging
  2782 | D:4      | Reached skill level 5 in Ranged Weapons
  2841 | D:4      | Noticed Natasha
  2849 | D:4      | Killed Natasha
  2903 | D:4      | Noticed Natasha
  2905 | D:4      | Killed Natasha
  2965 | D:4      | Found a sacrificial altar of Ru.
  3103 | D:4      | Reached skill level 4 in Fighting
  3131 | D:4      | Found an iron altar of Okawaru.
  3215 | D:4      | Identified the +0 dagger "Tuczaosm" {pain, Contam Str+4
                  | Int+9}
  3219 | D:4      | You pick up a book of Necromancy and begin reading...
  3219 | D:4      | You add the spells Necrotise, Vampiric Draining and Agony
                  | to your library.
  3249 | D:4      | You pick up a book of Spatial Translocations and begin
                  | reading...
  3249 | D:4      | You add the spells Blink, Momentum Strike and Lesser
                  | Beckoning to your library.
  3414 | D:5      | Entered Level 5 of the Dungeon
  3430 | D:4      | Reached XP level 7. HP: 54/54 MP: 7/7
  3589 | D:4      | Reached skill level 6 in Ranged Weapons
  3839 | D:5      | Found a staircase to the Ecumenical Temple.
  3860 | Temple   | Entered the Ecumenical Temple
  3886 | Temple   | Became a worshipper of Qazlal Stormbringer
  3944 | D:5      | Reached skill level 4 in Dodging
  3959 | D:5      | Reached XP level 8. HP: 46/61 MP: 8/8
  4105 | D:5      | Reached skill level 5 in Fighting
  4125 | D:5      | Reached skill level 1 in Invocations
  4495 | D:6      | Noticed Blork the orc
  4691 | D:6      | Found an ancient bone altar of Kikubaaqudgha.
  4715 | D:6      | Reached * piety under Qazlal
  5034 | D:6      | Reached skill level 7 in Ranged Weapons
  5034 | D:6      | Reached skill level 2 in Invocations
  5337 | D:6      | Found a radiant altar of Vehumet.
  5736 | D:7      | You pick up a book of Party Tricks and begin reading...
  5736 | D:7      | You add the spells Apportation and Alistair's Intoxication
                  | to your library.
  5756 | D:7      | Reached XP level 9. HP: 69/69 MP: 11/11
  6040 | D:7      | Reached skill level 6 in Fighting
  6044 | D:7      | Reached ** piety under Qazlal
  6150 | D:7      | Found a runed translucent gate.
  6150 | D:7      | Found a runed translucent gate.
  6152 | D:7      | Noticed cforsyth's ghost (novice FoFi)
  6152 | D:7      | Noticed a death knight
  6153 | D:7      | Found a runed translucent gate.
  6434 | D:8      | Reached skill level 3 in Invocations
  6435 | D:8      | Reached skill level 5 in Dodging
  6447 | D:7      | HP: 17/69 [orc priest/+0 hand axe (5)]
  6453 | D:7      | HP: 15/69 [orc priest/+0 hand axe (3)]
  6767 | D:8      | Identified the +1 spear "Utisk" {antimagic, *Noise rF+++
                  | rCorr Str-4}
  6769 | D:8      | Noticed Maurice
  6789 | D:8      | Killed Maurice
  6815 | D:8      | You pick up a book of Conjurations {@e2} and begin
                  | reading...
  6815 | D:8      | You add the spells Magic Dart, Searing Ray and Fulminant
                  | Prism to your library.
  6863 | D:8      | Noticed a two-headed ogre
  6870 | D:8      | Found the +18 Lear's hauberk
  6879 | D:8      | Killed a two-headed ogre
  6880 | D:8      | Reached skill level 8 in Ranged Weapons
  7004 | D:8      | Reached skill level 4 in Invocations
  7430 | D:8      | Found a shimmering blue altar of Sif Muna.
  7798 | D:9      | Noticed a kobold demonologist
  7805 | D:8      | Killed a kobold demonologist
  7806 | D:8      | Reached skill level 7 in Fighting
  7806 | D:8      | Reached XP level 10. HP: 65/79 MP: 9/13
  7891 | D:9      | HP: 17/79 [yak (15)]
  7893 | D:8      | HP: 8/79 [yak (10)]
  7895 | D:8      | Reached skill level 6 in Dodging
  8153 | D:9      | Reached skill level 9 in Ranged Weapons
  8241 | D:9      | Found a staircase to the Orcish Mines.
  8276 | D:9      | Reached skill level 5 in Invocations
  8459 | D:9      | Noticed a two-headed ogre
  8465 | D:9      | HP: 12/79 [two-headed ogre/+0 giant spiked club (25)]
  8466 | D:9      | Slain by a two-headed ogre

Vanquished Creatures
  A two-headed ogre (D:8)
  Maurice (D:8)
  A kobold demonologist (D:8)
  A wyvern (D:8)
  A wraith (D:9)
  7 yaks
  A water moccasin (D:7)
  2 orc warriors
  5 black bears
  A centaur (D:6)
  3 ogres
  3 kobold brigands
  3 scorpions
  4 wights (D:8)
  A jelly (D:6)
  4 orc priests
  4 hounds
  A spectral scorpion (D:4)
  An iguana (D:5)
  2 scorpion zombies (D:4)
  A sleepcap (D:4)
  Natasha (thrice) (D:4)
  10 orc wizards
  A spectral hound (D:4)
  10 adders
  2 shadow imps
  A white imp (D:4)
  An ufetubus (D:5)
  An adder zombie (D:4)
  An adder skeleton (D:4)
  3 worms
  A dart slug (D:1)
  23 orcs
  7 bats
  8 endoplasms
  A giant cockroach (D:2)
  10 goblins
  9 hobgoblins
  12 jackals
  19 kobolds
  9 quokkas
  6 ball pythons
  4 frilled lizards
  5 rats
195 creatures vanquished.

Vanquished Creatures (others)
  A plant (D:2)
  17 withered plants (D:4)
18 creatures vanquished.

Grand Total: 213 creatures vanquished

Table legend:
 A = Non-vault XP
 B = Vault XP
 C = Vault XP percentage of total XP
 D = Non-vault monster count
 E = Vault monster count
 F = Vault count percentage of total count
                 A         B        C        D         E       F
            +---------+---------+-------+---------+---------+-------
      Total |    6199 |    1032 |  14.3 |     178 |      17 |   8.7
            +---------+---------+-------+---------+---------+-------
        D:1 |      38 |       1 |   2.6 |      23 |       1 |   4.2
        D:2 |     102 |       0 |   0.0 |      35 |       0 |   0.0
        D:3 |      37 |       0 |   0.0 |      14 |       0 |   0.0
        D:4 |     460 |     452 |  49.6 |      27 |      10 |  27.0
        D:5 |     449 |     140 |  23.8 |      16 |       4 |  20.0
        D:6 |     594 |       0 |   0.0 |      18 |       0 |   0.0
        D:7 |     883 |       0 |   0.0 |      24 |       0 |   0.0
        D:8 |    2232 |     439 |  16.4 |      14 |       2 |  12.5
        D:9 |    1404 |       0 |   0.0 |       7 |       0 |   0.0
            +---------+---------+-------+---------+---------+-------

Illustrated notes

Table legend:
 A = Kills in this place as a percentage of kills in the entire game.
 B = Kills by you in this place as a percentage of kills by you in the entire game.
 C = Kills by friends in this place as a percentage of kills by friends in the entire game.
 D = Other kills in this place as a percentage of other kills in the entire game.
 E = Experience gained in this place as a percentage of experience gained in the entire game.
 F = Experience gained in this place divided by the number of levels of this place that you have seen.
                   A       B       C       D       E      F
               +-------+-------+-------+-------+-------+----------------------
         Total | 100.0 | 100.0 |   N/A |   N/A | 100.0 | 723.1
       Dungeon | 100.0 | 100.0 |   N/A |   N/A | 100.0 | 803.4
               +-------+-------+-------+-------+-------+----------------------

Table legend: (Time is in decaauts)
 A = Elapsed time spent in this place.
 B = Non-inter-level travel time spent in this place.
 C = Inter-level travel time spent in this place.
 D = Time resting spent in this place.
 E = Time spent auto-exploring this place.
 F = Levels seen in this place.
 G = Mean time per level.
                   A        B        C        D        E       F      G
               +--------+--------+--------+--------+--------+-----+--------+
         Total |   8869 |   8306 |    563 |   1481 |   4692 |  10 |  886.9 |
       Dungeon |   8818 |   8279 |    539 |   1481 |   4676 |   9 |  979.8 |
        Temple |     50 |     26 |     24 |      0 |     16 |   1 |   50.0 |
               +--------+--------+--------+--------+--------+-----+--------+

Top non-repeatable levels by time:
     D:4: 1652 daAuts
     D:8: 1412 daAuts
     D:7: 1289 daAuts
     D:6: 919 daAuts
     D:2: 893 daAuts
     D:1: 797 daAuts
     D:5: 794 daAuts
     D:3: 629 daAuts
     D:9: 429 daAuts
  Temple: 50 daAuts
